[ AOE2 MATCH · #477971822 ]
UnrankedBohemians vs Jurchens
[ REPLAY ANALYSIS · EXTRACTED FROM THE RECORDED GAME ]
Feudal
14:42
Castle
28:22
Imperial
43:41
| APM avg | 21.0 |
| APM peak | 186 |
| eAPM avg | 17.9 |
| Villagers / military | 158 / 156 |
Focus
⚔️ 26.3% · 🌾 73.7%
Spearman ×133 · Mangonel ×23 · Trade Cart ×22
Feudal
13:47
Castle
18:01
Imperial
36:01
| APM avg | 14.9 |
| APM peak | 38 |
| eAPM avg | 11.0 |
| Villagers / military | 105 / 75 |
Focus
⚔️ 29.8% · 🌾 70.2%
Scout Cavalry ×43 · Magyar Huszar ×32
Feudal
10:53
Castle
15:00
Imperial
29:50
| APM avg | 20.3 |
| APM peak | 77 |
| eAPM avg | 14.3 |
| Villagers / military | 134 / 226 |
Focus
⚔️ 22.0% · 🌾 78.0%
Steppe Lancer ×139 · Iron Pagoda ×71 · Trade Cart ×51 · Scout Cavalry ×16
Feudal
15:36
Castle
30:23
Imperial
43:58
| APM avg | 21.1 |
| APM peak | 46 |
| eAPM avg | 13.6 |
| Villagers / military | 94 / 98 |
Focus
⚔️ 25.2% · 🌾 74.8%
Archer ×41 · Skirmisher ×24 · Battle Elephant ×10 · Knight ×8 · Rattan Archer ×7 · Scout Cavalry ×3
Feudal
13:03
Castle
16:58
Imperial
32:23
| APM avg | 38.6 |
| APM peak | 87 |
| eAPM avg | 21.9 |
| Villagers / military | 128 / 126 |
Focus
⚔️ 23.0% · 🌾 77.0%
Boyar ×123 · Trade Cart ×32 · Mangonel ×2 · Battering Ram ×1
Feudal
11:17
Castle
17:46
Imperial
31:32
| APM avg | 24.6 |
| APM peak | 77 |
| eAPM avg | 17.5 |
| Villagers / military | 144 / 172 |
Focus
⚔️ 18.9% · 🌾 81.1%
Organ Gun ×159 · Trade Cart ×11 · Bombard Cannon ×11 · Monk ×1 · Trebuchet (Packed) ×1
Match map
Initial resources + every placement click. Lines = walls · curves = elevation contours. ◆ gold · ⬟ stone · ● berries · ✦ relic · ◌ wall gap
Your base· ✓ Closed at 28:22 · 87t walls · 5 gate(s)
Salamander's base· ✓ Closed at 18:01 · 19t walls · no gate
StingRS5's base· ✓ Closed at 15:00 · 0t walls · no gate
420Fighter's base· ✓ Closed at 30:23 · 24t walls · 3 gate(s)
Jerry's base· ✓ Closed at 16:58 · 38t walls · no gate
Lazy_Mann's base· ✓ Closed at 17:46 · 0t walls · no gate
Smoothed initial terrain · ◌ = detected wall gap · hover for details
Inputs per minute
— carlosauberto - - Salamander
Build order — carlosauberto
First 150 of 398 actions detected
| 0:10 | Create | Villager (Male) |
| 0:10 | Research | Loom |
| 0:10 | Create | Villager (Male) |
| 0:11 | Create | Villager (Male) |
| 0:11 | Create | Villager (Male) |
| 0:11 | Create | Villager (Male) |
| 0:16 | Build | House |
| 0:43 | Build | House |
| 1:36 | Build | Lumber Camp |
| 1:38 | Create | Villager (Male) |
| 1:38 | Create | Villager (Male) |
| 2:03 | Build | House |
| 2:30 | Create | Villager (Male) |
| 2:44 | Create | Villager (Male) |
| 3:15 | Create | Villager (Male) |
| 3:31 | Create | Villager (Male) |
| 4:19 | Create | Villager (Male) |
| 4:20 | Create | Villager (Male) |
| 4:52 | Create | Villager (Male) |
| 5:36 | Build | Palisade Wall |
| 6:02 | Create | Villager (Male) |
| 6:03 | Create | Villager (Male) |
| 6:03 | Create | Villager (Male) |
| 6:07 | Create | Villager (Male) |
| 6:07 | Create | Villager (Male) |
| 6:33 | Build | House |
| 6:37 | Build | House |
| 6:57 | Build | Mill |
| 7:00 | Create | Villager (Male) |
| 7:07 | Create | Villager (Male) |
| 7:07 | Create | Villager (Male) |
| 7:24 | Build | Palisade Wall |
| 7:27 | Build | Palisade Wall |
| 8:39 | Create | Villager (Male) |
| 8:39 | Create | Villager (Male) |
| 8:40 | Create | Villager (Male) |
| 9:47 | Build | Palisade Wall |
| 9:56 | Create | Villager (Male) |
| 9:56 | Create | Villager (Male) |
| 9:56 | Create | Villager (Male) |
| 9:56 | Create | Villager (Male) |
| 9:57 | Create | Villager (Male) |
| 9:57 | Create | Villager (Male) |
| 9:57 | Create | Villager (Male) |
| 10:05 | Build | Palisade Wall |
| 10:45 | Create | Villager (Male) |
| 10:45 | Create | Villager (Male) |
| 11:23 | Build | Mining Camp |
| 11:27 | Build | House |
| 11:29 | Build | House |
| 11:30 | Build | House |
| 12:12 | Research | Feudal Age |
| 12:13 | Research | Feudal Age |
| 12:22 | Build | Lumber Camp |
| 12:34 | Create | Villager (Male) ×3 |
| 12:35 | Create | Villager (Male) ×3 |
| 13:32 | Build | House |
| 13:33 | Build | House |
| 13:34 | Build | House |
| 13:35 | Build | House |
| 13:36 | Build | House |
| 13:37 | Build | House |
| 13:38 | Build | House |
| 13:43 | Create | Villager (Male) |
| 13:43 | Create | Villager (Male) |
| 13:43 | Create | Villager (Male) |
| 14:10 | Build | Mining Camp |
| 14:18 | Create | Villager (Male) |
| 14:42 | Age | Feudal Age |
| 14:47 | Build | Watch Tower |
| 14:51 | Build | Stone Wall |
| 15:02 | Create | Villager (Male) |
| 15:33 | Create | Villager (Male) |
| 15:39 | Build | Blacksmith |
| 15:55 | Build | Market |
| 16:02 | Create | Villager (Male) |
| 16:10 | Research | Double-Bit Axe |
| 16:26 | Build | Stone Wall |
| 16:29 | Build | Stone Wall |
| 16:36 | Build | Mining Camp |
| 16:54 | Research | Horse Collar |
| 17:05 | Build | Mining Camp |
| 17:32 | Build | Stone Wall |
| 17:36 | Build | Stone Wall |
| 17:38 | Build | Gate |
| 17:44 | Build | House |
| 17:46 | Build | House |
| 17:46 | Build | House |
| 17:47 | Build | House |
| 17:47 | Build | House |
| 17:48 | Build | House |
| 17:48 | Build | House |
| 17:49 | Build | House |
| 17:50 | Build | House |
| 17:56 | Build | House |
| 18:08 | Create | Trade Cart |
| 18:08 | Create | Trade Cart |
| 18:08 | Create | Trade Cart |
| 18:08 | Create | Trade Cart |
| 18:09 | Create | Trade Cart |
| 18:15 | Build | Farm |
| 18:15 | Build | Farm |
| 18:16 | Create | Villager (Male) |
| 18:17 | Create | Villager (Male) |
| 18:17 | Create | Villager (Male) |
| 18:39 | Create | Trade Cart |
| 18:47 | Build | Farm |
| 18:49 | Create | Villager (Male) |
| 18:49 | Create | Villager (Male) |
| 18:49 | Create | Villager (Male) |
| 18:52 | Build | House |
| 18:53 | Build | House |
| 18:55 | Build | House |
| 18:56 | Build | House |
| 18:57 | Build | House |
| 19:01 | Create | Trade Cart |
| 19:02 | Create | Trade Cart |
| 19:06 | Build | Farm |
| 19:08 | Build | Farm |
| 19:10 | Build | Farm |
| 19:12 | Build | Farm |
| 19:19 | Build | Farm |
| 19:29 | Build | Farm |
| 19:38 | Build | Farm |
| 19:59 | Build | Farm |
| 20:03 | Create | Villager (Male) |
| 20:04 | Create | Villager (Male) |
| 20:07 | Create | Trade Cart |
| 20:15 | Build | Farm |
| 20:29 | Create | Villager (Male) |
| 20:29 | Create | Villager (Male) |
| 20:32 | Build | Farm |
| 20:46 | Build | Stone Wall |
| 21:01 | Build | Farm |
| 21:05 | Research | Fletching |
| 21:09 | Create | Villager (Male) |
| 21:10 | Create | Villager (Male) |
| 21:12 | Create | Villager (Male) |
| 21:16 | Create | Trade Cart |
| 21:23 | Build | Farm |
| 21:30 | Build | Market |
| 21:36 | Create | Villager (Male) |
| 21:37 | Create | Villager (Male) |
| 21:47 | Build | Farm |
| 22:14 | Build | Mill |
| 22:21 | Build | Farm |
| 22:26 | Create | Villager (Male) |
| 22:26 | Create | Villager (Male) |
| 22:35 | Create | Trade Cart |
| 22:35 | Create | Trade Cart |
Build order — Salamander
First 150 of 346 actions detected
| 0:01 | Create | Villager (Male) |
| 0:02 | Create | Villager (Male) |
| 0:02 | Create | Villager (Male) |
| 0:02 | Create | Villager (Male) |
| 0:06 | Build | House |
| 0:09 | Build | House |
| 2:01 | Create | Villager (Male) |
| 2:38 | Build | Lumber Camp |
| 2:43 | Create | Villager (Male) |
| 2:43 | Create | Villager (Male) |
| 3:06 | Create | Villager (Male) |
| 3:44 | Create | Villager (Male) |
| 4:15 | Create | Villager (Male) |
| 5:08 | Build | Mill |
| 5:09 | Create | Villager (Male) |
| 5:10 | Create | Villager (Male) |
| 5:41 | Build | House |
| 6:12 | Build | House |
| 6:48 | Create | Villager (Male) |
| 6:48 | Create | Villager (Male) |
| 6:48 | Create | Villager (Male) |
| 6:49 | Create | Villager (Male) |
| 6:49 | Create | Villager (Male) |
| 7:10 | Build | Palisade Wall |
| 7:47 | Build | House |
| 8:25 | Create | Villager (Male) |
| 8:32 | Create | Villager (Male) |
| 8:32 | Create | Villager (Male) |
| 8:52 | Build | Mining Camp |
| 9:16 | Create | Villager (Male) |
| 9:17 | Create | Villager (Male) |
| 10:15 | Build | Mining Camp |
| 11:12 | Research | Loom |
| 11:32 | Research | Feudal Age |
| 12:03 | Build | Farm |
| 12:05 | Build | Farm |
| 12:07 | Build | Farm |
| 12:09 | Build | Farm |
| 12:13 | Build | Farm |
| 12:16 | Build | Farm |
| 12:19 | Build | Farm |
| 12:22 | Build | Farm |
| 13:47 | Age | Feudal Age |
| 13:49 | Create | Villager (Male) |
| 13:49 | Create | Villager (Male) |
| 14:04 | Build | Blacksmith |
| 14:22 | Build | Market |
| 15:21 | Research | Castle Age |
| 16:01 | Build | House |
| 16:18 | Research | Double-Bit Axe |
| 16:27 | Research | Horse Collar |
| 18:01 | Age | Castle Age |
| 18:07 | Build | Town Center |
| 18:18 | Build | Town Center |
| 18:45 | Create | Villager (Male) |
| 18:45 | Create | Villager (Male) |
| 18:46 | Create | Villager (Male) |
| 18:46 | Create | Villager (Male) |
| 18:48 | Create | Villager (Male) |
| 18:59 | Research | Bow Saw |
| 19:46 | Build | Farm |
| 19:46 | Create | Villager (Male) |
| 19:47 | Create | Villager (Male) |
| 19:47 | Create | Villager (Male) |
| 19:53 | Create | Villager (Male) |
| 20:07 | Build | Farm |
| 20:10 | Build | Farm |
| 20:13 | Build | Farm |
| 20:17 | Build | Farm |
| 20:36 | Build | Farm |
| 20:44 | Create | Villager (Male) |
| 20:44 | Create | Villager (Male) |
| 20:45 | Create | Villager (Male) |
| 20:57 | Create | Villager (Male) |
| 20:58 | Create | Villager (Male) |
| 21:08 | Create | Villager (Male) |
| 21:08 | Create | Villager (Male) |
| 21:09 | Create | Villager (Male) |
| 21:10 | Create | Villager (Male) |
| 21:14 | Create | Villager (Male) |
| 21:23 | Build | Mining Camp |
| 21:37 | Build | Farm |
| 21:42 | Build | Farm |
| 22:02 | Create | Villager (Male) |
| 22:02 | Create | Villager (Male) |
| 22:05 | Create | Villager (Male) |
| 22:06 | Create | Villager (Male) |
| 22:09 | Build | Farm |
| 22:11 | Build | Farm |
| 22:19 | Build | Farm |
| 22:41 | Build | House |
| 22:43 | Build | House |
| 22:56 | Build | Farm |
| 23:06 | Create | Villager (Male) |
| 23:06 | Create | Villager (Male) |
| 23:13 | Create | Villager (Male) |
| 23:15 | Create | Villager (Male) |
| 23:17 | Create | Villager (Male) |
| 23:28 | Build | Farm |
| 23:30 | Build | Farm |
| 23:32 | Build | Farm |
| 23:45 | Research | Stone Mining |
| 23:56 | Build | House |
| 23:58 | Build | House |
| 24:07 | Build | Farm |
| 24:24 | Build | Farm |
| 24:26 | Build | Farm |
| 24:42 | Build | Farm |
| 24:49 | Build | House |
| 24:50 | Build | House |
| 24:51 | Build | House |
| 25:00 | Create | Villager (Male) |
| 25:01 | Create | Villager (Male) |
| 25:05 | Create | Villager (Male) |
| 25:05 | Create | Villager (Male) |
| 25:08 | Create | Villager (Male) |
| 25:08 | Create | Villager (Male) |
| 25:09 | Create | Villager (Male) |
| 25:13 | Create | Villager (Male) |
| 25:15 | Create | Villager (Male) |
| 25:29 | Build | Farm |
| 25:31 | Research | Gold Mining |
| 25:36 | Build | House |
| 25:49 | Build | Farm |
| 25:53 | Build | Farm |
| 25:56 | Research | Heavy Plow |
| 26:01 | Create | Villager (Male) |
| 26:04 | Create | Villager (Male) |
| 26:05 | Create | Villager (Male) |
| 26:07 | Create | Villager (Male) |
| 26:07 | Create | Villager (Male) |
| 26:14 | Build | Farm |
| 26:18 | Build | House |
| 26:20 | Build | House |
| 26:21 | Build | House |
| 26:26 | Research | Gold Shaft Mining |
| 26:34 | Create | Villager (Male) |
| 26:36 | Create | Villager (Male) |
| 26:37 | Create | Villager (Male) |
| 26:41 | Create | Villager (Male) |
| 26:46 | Build | House |
| 26:48 | Build | House |
| 26:54 | Build | Farm |
| 27:08 | Build | House |
| 27:09 | Build | House |
| 27:10 | Build | House |
| 27:11 | Build | House |
| 27:26 | Build | Farm |
| 27:30 | Create | Villager (Male) |
| 27:31 | Create | Villager (Male) |
Build order — StingRS5
First 150 of 377 actions detected
| 0:01 | Research | Loom |
| 0:02 | Create | Villager (Male) ×4 |
| 0:02 | Create | Villager (Male) ×4 |
| 0:04 | Build | House |
| 0:08 | Build | House |
| 1:32 | Create | Villager (Male) |
| 1:33 | Create | Villager (Male) |
| 2:25 | Create | Villager (Male) |
| 2:25 | Create | Villager (Male) |
| 2:26 | Create | Villager (Male) |
| 2:43 | Create | Villager (Male) |
| 2:43 | Create | Villager (Male) |
| 3:17 | Create | Villager (Male) |
| 3:18 | Create | Villager (Male) |
| 3:18 | Create | Villager (Male) |
| 3:22 | Build | House |
| 3:23 | Build | House |
| 3:49 | Create | Villager (Male) |
| 3:49 | Create | Villager (Male) |
| 3:50 | Create | Villager (Male) |
| 4:24 | Create | Villager (Male) |
| 4:25 | Create | Villager (Male) |
| 4:35 | Build | Lumber Camp |
| 5:21 | Create | Villager (Male) |
| 5:21 | Create | Villager (Male) |
| 5:21 | Create | Villager (Male) |
| 5:39 | Create | Villager (Male) |
| 5:40 | Create | Villager (Male) |
| 5:40 | Create | Villager (Male) |
| 5:51 | Build | Mill |
| 6:18 | Create | Villager (Male) |
| 7:12 | Create | Villager (Male) |
| 7:33 | Build | Mining Camp |
| 8:18 | Research | Feudal Age |
| 8:24 | Build | Barracks |
| 8:27 | Build | House |
| 8:51 | Create | Villager (Male) |
| 8:51 | Create | Villager (Male) |
| 10:53 | Age | Feudal Age |
| 11:19 | Build | Blacksmith |
| 11:24 | Build | Stable |
| 12:20 | Research | Castle Age |
| 12:20 | Research | Castle Age |
| 12:40 | Create | Villager (Male) |
| 12:45 | Build | Mining Camp |
| 12:54 | Build | Mining Camp |
| 13:13 | Research | Double-Bit Axe |
| 13:37 | Research | Horse Collar |
| 13:37 | Research | Horse Collar |
| 14:01 | Create | Villager (Male) |
| 14:17 | Create | Villager (Male) |
| 15:00 | Age | Castle Age |
| 15:03 | Build | Town Center |
| 15:08 | Create | Villager (Male) |
| 15:32 | Build | Town Center |
| 15:38 | Create | Villager (Male) |
| 15:51 | Create | Villager (Male) |
| 16:15 | Build | Farm |
| 16:18 | Build | Farm |
| 16:31 | Build | Farm |
| 16:35 | Create | Villager (Male) |
| 16:44 | Create | Villager (Male) |
| 16:53 | Build | Farm |
| 16:56 | Create | Villager (Male) |
| 16:56 | Create | Villager (Male) |
| 17:01 | Build | Farm |
| 17:02 | Build | Farm |
| 17:12 | Build | Farm |
| 17:14 | Create | Villager (Male) |
| 17:25 | Build | Farm |
| 17:34 | Build | Farm |
| 17:38 | Build | Farm |
| 17:40 | Create | Villager (Male) |
| 17:53 | Build | Farm |
| 17:59 | Build | Farm |
| 18:07 | Build | House |
| 18:13 | Create | Villager (Male) |
| 18:14 | Create | Villager (Male) |
| 18:17 | Build | Farm |
| 18:23 | Create | Villager (Male) |
| 18:35 | Create | Villager (Male) |
| 18:41 | Build | Farm |
| 18:49 | Create | Villager (Male) |
| 18:49 | Create | Villager (Male) |
| 18:54 | Build | Farm |
| 18:59 | Create | Villager (Male) |
| 19:09 | Build | Market |
| 19:13 | Create | Villager (Male) |
| 19:14 | Create | Villager (Male) |
| 19:17 | Build | Farm |
| 19:20 | Create | Villager (Male) |
| 19:20 | Create | Villager (Male) |
| 19:28 | Build | Farm |
| 19:33 | Create | Villager (Male) |
| 19:42 | Build | Farm |
| 19:44 | Create | Villager (Male) |
| 19:44 | Create | Villager (Male) |
| 19:51 | Build | Lumber Camp |
| 19:54 | Create | Villager (Male) |
| 19:54 | Create | Villager (Male) |
| 20:08 | Build | House |
| 20:13 | Build | Farm |
| 20:15 | Create | Villager (Male) |
| 20:15 | Create | Villager (Male) |
| 20:15 | Create | Villager (Male) |
| 20:23 | Build | Farm |
| 20:24 | Create | Villager (Male) |
| 20:24 | Create | Villager (Male) |
| 20:34 | Build | Market |
| 20:44 | Build | Farm |
| 20:47 | Build | Farm |
| 20:57 | Research | Wheelbarrow |
| 21:06 | Build | Farm |
| 21:08 | Create | Villager (Male) |
| 21:08 | Create | Villager (Male) |
| 21:09 | Create | Villager (Male) |
| 21:14 | Create | Villager (Male) |
| 21:25 | Create | Villager (Male) |
| 21:32 | Create | Villager (Male) |
| 21:37 | Build | Farm |
| 21:42 | Build | University |
| 21:43 | Build | House |
| 21:50 | Create | Villager (Male) |
| 21:50 | Create | Villager (Male) |
| 21:50 | Create | Villager (Male) |
| 21:53 | Create | Villager (Male) |
| 22:03 | Build | Mining Camp |
| 22:07 | Create | Villager (Male) |
| 22:07 | Create | Villager (Male) |
| 22:11 | Create | Villager (Male) |
| 22:16 | Create | Villager (Male) |
| 22:16 | Create | Villager (Male) |
| 22:20 | Create | Villager (Male) |
| 22:20 | Create | Villager (Male) |
| 22:25 | Build | House |
| 22:26 | Build | House |
| 22:30 | Build | House |
| 22:32 | Build | House |
| 22:37 | Create | Villager (Male) |
| 22:38 | Create | Villager (Male) |
| 22:38 | Create | Villager (Male) |
| 22:38 | Create | Villager (Male) |
| 22:54 | Build | House |
| 22:55 | Build | House |
| 22:58 | Create | Villager (Male) |
| 22:58 | Create | Villager (Male) |
| 22:59 | Create | Villager (Male) |
| 22:59 | Create | Villager (Male) |
| 23:06 | Create | Villager (Male) |
| 23:06 | Create | Villager (Male) |
Build order — 420Fighter
First 150 of 273 actions detected
| 0:06 | Build | House |
| 0:08 | Build | House |
| 0:16 | Create | Villager (Male) |
| 0:16 | Create | Villager (Male) |
| 0:16 | Create | Villager (Male) |
| 0:18 | Create | Villager (Male) |
| 2:30 | Create | Villager (Male) |
| 2:30 | Create | Villager (Male) |
| 2:30 | Create | Villager (Male) |
| 2:40 | Build | Lumber Camp |
| 4:19 | Build | House |
| 4:33 | Create | Villager (Male) |
| 4:33 | Create | Villager (Male) |
| 4:33 | Create | Villager (Male) |
| 6:05 | Build | House |
| 6:14 | Create | Villager (Male) |
| 6:15 | Create | Villager (Male) |
| 6:15 | Create | Villager (Male) |
| 6:15 | Create | Villager (Male) |
| 7:10 | Build | Palisade Wall |
| 7:24 | Build | Palisade Gate |
| 7:34 | Build | Palisade Wall |
| 7:39 | Build | Palisade Wall |
| 8:04 | Build | Mining Camp |
| 8:44 | Create | Villager (Male) |
| 8:44 | Create | Villager (Male) |
| 8:45 | Create | Villager (Male) |
| 8:45 | Create | Villager (Male) |
| 9:24 | Create | Villager (Male) |
| 9:24 | Create | Villager (Male) |
| 9:38 | Build | Mill |
| 10:37 | Build | House |
| 10:46 | Create | Villager (Male) |
| 10:47 | Create | Villager (Male) |
| 11:17 | Create | Villager (Male) |
| 11:22 | Build | House |
| 11:39 | Create | Villager (Male) |
| 12:03 | Build | Barracks |
| 12:59 | Build | Lumber Camp |
| 13:13 | Research | Feudal Age |
| 14:04 | Create | Villager (Male) |
| 15:36 | Age | Feudal Age |
| 15:44 | Build | Archery Range |
| 16:04 | Research | Double-Bit Axe |
| 16:06 | Research | Wheelbarrow |
| 16:38 | Create | Villager (Male) |
| 16:43 | Research | Horse Collar |
| 16:49 | Create | Archer |
| 16:50 | Create | Archer |
| 16:50 | Create | Archer |
| 16:50 | Create | Archer |
| 16:51 | Create | Archer |
| 16:51 | Create | Archer |
| 17:13 | Build | Watch Tower |
| 18:03 | Build | Market |
| 18:25 | Create | Villager (Male) |
| 18:25 | Create | Villager (Male) |
| 18:25 | Create | Villager (Male) |
| 18:26 | Create | Villager (Male) |
| 18:26 | Create | Villager (Male) |
| 18:26 | Create | Villager (Male) |
| 18:27 | Create | Villager (Male) |
| 18:53 | Build | House |
| 18:54 | Build | House |
| 18:57 | Build | House |
| 18:59 | Build | House |
| 19:00 | Build | House |
| 19:01 | Build | House |
| 19:02 | Build | House |
| 19:03 | Build | House |
| 19:11 | Build | House |
| 19:12 | Build | House |
| 19:13 | Build | House |
| 19:14 | Build | House |
| 19:16 | Build | House |
| 19:17 | Build | House |
| 19:19 | Build | House |
| 19:21 | Build | House |
| 19:29 | Build | Farm |
| 19:30 | Build | Farm |
| 20:05 | Create | Villager (Male) |
| 20:05 | Create | Villager (Male) |
| 20:06 | Create | Villager (Male) |
| 20:12 | Build | Farm |
| 20:14 | Build | Farm |
| 20:24 | Create | Trade Cart |
| 20:31 | Build | Farm |
| 20:55 | Build | Palisade Gate |
| 20:57 | Build | Palisade Gate |
| 21:02 | Create | Skirmisher |
| 21:02 | Create | Skirmisher |
| 21:03 | Create | Skirmisher |
| 21:03 | Create | Skirmisher |
| 21:14 | Build | Farm |
| 21:20 | Build | Farm |
| 21:23 | Build | Farm |
| 21:50 | Build | Mining Camp |
| 22:00 | Build | Farm |
| 22:04 | Build | Farm |
| 22:22 | Build | Farm |
| 23:19 | Build | Farm |
| 23:21 | Build | Farm |
| 23:24 | Build | Farm |
| 23:40 | Build | Archery Range |
| 23:49 | Build | Archery Range |
| 23:58 | Create | Villager (Male) |
| 23:59 | Create | Villager (Male) |
| 23:59 | Create | Villager (Male) |
| 23:59 | Create | Villager (Male) |
| 24:00 | Create | Villager (Male) |
| 24:32 | Build | Farm |
| 25:36 | Build | Farm |
| 25:38 | Build | Farm |
| 25:39 | Build | Farm |
| 25:54 | Build | Farm |
| 25:58 | Create | Villager (Male) |
| 25:58 | Create | Villager (Male) |
| 26:12 | Build | Lumber Camp |
| 26:27 | Build | Blacksmith |
| 26:35 | Create | Villager (Male) |
| 26:35 | Create | Villager (Male) |
| 26:40 | Build | Farm |
| 26:57 | Research | Stone Mining |
| 27:21 | Build | Mill |
| 27:29 | Research | Castle Age |
| 27:34 | Build | Farm |
| 27:36 | Build | Farm |
| 27:41 | Build | Mill |
| 28:00 | Build | Mining Camp |
| 28:03 | Build | Mining Camp |
| 28:17 | Create | Villager (Male) |
| 28:17 | Create | Villager (Male) |
| 28:18 | Create | Villager (Male) |
| 28:18 | Create | Villager (Male) |
| 28:18 | Create | Villager (Male) |
| 28:18 | Create | Villager (Male) |
| 28:19 | Create | Villager (Male) |
| 28:23 | Research | Gold Mining |
| 30:23 | Age | Castle Age |
| 30:47 | Build | Castle |
| 31:00 | Build | Archery Range |
| 31:02 | Build | Archery Range |
| 31:03 | Build | Archery Range |
| 31:08 | Build | Archery Range |
| 31:10 | Build | Archery Range |
| 31:12 | Build | Archery Range |
| 31:15 | Build | Archery Range |
| 32:04 | Research | Bow Saw |
| 32:06 | Research | Hand Cart |
| 32:34 | Build | Town Center |
Build order — Jerry
First 150 of 426 actions detected
| 0:02 | Build | House |
| 0:04 | Build | House |
| 0:04 | Create | Villager (Male) |
| 0:04 | Research | Loom |
| 0:05 | Create | Villager (Male) |
| 0:25 | Create | Villager (Male) |
| 0:35 | Create | Villager (Male) |
| 1:35 | Create | Villager (Male) |
| 2:24 | Create | Villager (Male) |
| 2:55 | Create | Villager (Male) |
| 3:04 | Build | Lumber Camp |
| 3:16 | Create | Villager (Male) |
| 3:52 | Build | House |
| 3:53 | Build | House |
| 4:03 | Create | Villager (Male) |
| 4:04 | Create | Villager (Male) |
| 4:09 | Build | House |
| 4:28 | Create | Villager (Male) |
| 4:53 | Create | Villager (Male) |
| 5:14 | Create | Villager (Male) |
| 5:23 | Build | Mill |
| 5:37 | Create | Villager (Male) |
| 6:16 | Create | Villager (Male) |
| 6:47 | Create | Villager (Male) |
| 7:04 | Create | Villager (Male) |
| 7:27 | Build | Farm |
| 7:35 | Create | Villager (Male) |
| 8:06 | Create | Villager (Male) |
| 8:48 | Create | Villager (Male) |
| 8:49 | Create | Villager (Male) |
| 8:57 | Build | Mining Camp |
| 9:00 | Build | Farm |
| 9:01 | Create | Villager (Male) |
| 9:39 | Create | Villager (Male) |
| 9:42 | Build | Farm |
| 10:14 | Build | Farm |
| 10:21 | Create | Villager (Male) |
| 10:46 | Research | Feudal Age |
| 11:04 | Build | House |
| 11:10 | Build | House |
| 11:16 | Build | Farm |
| 11:20 | Create | Villager (Male) |
| 13:03 | Age | Feudal Age |
| 13:05 | Research | Double-Bit Axe |
| 13:05 | Research | Double-Bit Axe |
| 13:07 | Research | Horse Collar |
| 13:07 | Research | Horse Collar |
| 13:10 | Build | Market |
| 13:14 | Build | Blacksmith |
| 13:26 | Create | Villager (Male) |
| 13:42 | Build | Lumber Camp |
| 13:46 | Create | Villager (Male) |
| 14:00 | Build | Farm |
| 14:03 | Research | Castle Age |
| 14:24 | Build | Mining Camp |
| 14:39 | Build | House |
| 14:49 | Build | Stone Wall |
| 15:20 | Build | Stone Wall |
| 15:30 | Build | Barracks |
| 15:44 | Research | Stone Mining |
| 15:46 | Create | Villager (Male) |
| 16:33 | Build | Farm |
| 16:34 | Build | Farm |
| 16:58 | Age | Castle Age |
| 17:02 | Build | Town Center |
| 17:06 | Create | Villager (Male) |
| 17:27 | Create | Villager (Male) |
| 17:39 | Build | Town Center |
| 17:43 | Create | Villager (Male) |
| 17:54 | Create | Villager (Male) |
| 18:35 | Build | Town Center |
| 18:38 | Create | Villager (Male) |
| 18:38 | Create | Villager (Male) |
| 18:41 | Create | Villager (Male) |
| 18:44 | Build | Farm |
| 19:00 | Build | Gate |
| 19:03 | Create | Villager (Male) |
| 19:11 | Build | Farm |
| 19:12 | Build | Farm |
| 19:13 | Build | Farm |
| 19:14 | Build | Farm |
| 19:22 | Build | Farm |
| 19:28 | Build | Farm |
| 19:29 | Create | Villager (Male) |
| 19:30 | Create | Villager (Male) |
| 19:31 | Create | Villager (Male) |
| 19:32 | Create | Villager (Male) |
| 19:41 | Build | House |
| 19:43 | Build | House |
| 19:46 | Build | Farm |
| 19:51 | Create | Villager (Male) |
| 19:52 | Create | Villager (Male) |
| 19:53 | Create | Villager (Male) |
| 20:02 | Build | Farm |
| 20:07 | Research | Bow Saw |
| 20:13 | Research | Heavy Plow |
| 20:14 | Research | Heavy Plow |
| 20:23 | Build | House |
| 20:26 | Build | Farm |
| 20:28 | Create | Villager (Male) |
| 20:42 | Create | Villager (Male) |
| 20:44 | Create | Villager (Male) |
| 20:46 | Create | Villager (Male) |
| 20:47 | Create | Villager (Male) |
| 20:57 | Build | Farm |
| 21:03 | Build | Farm |
| 21:13 | Build | House |
| 21:14 | Build | House |
| 21:25 | Build | Farm |
| 21:27 | Create | Villager (Male) |
| 21:28 | Create | Villager (Male) |
| 21:29 | Create | Villager (Male) |
| 21:30 | Create | Villager (Male) |
| 21:31 | Create | Villager (Male) |
| 21:38 | Build | Farm |
| 21:42 | Build | Farm |
| 21:46 | Build | Farm |
| 21:50 | Create | Villager (Male) |
| 21:52 | Research | Wheelbarrow |
| 21:53 | Create | Villager (Male) |
| 21:54 | Create | Villager (Male) |
| 22:01 | Build | Farm |
| 22:09 | Build | Farm |
| 22:10 | Build | Farm |
| 22:12 | Create | Villager (Male) |
| 22:13 | Create | Villager (Male) |
| 22:20 | Build | Farm |
| 22:22 | Build | Farm |
| 22:26 | Build | Farm |
| 22:30 | Build | House |
| 22:31 | Build | House |
| 22:37 | Build | House |
| 22:38 | Build | House |
| 22:40 | Create | Villager (Male) |
| 22:40 | Create | Villager (Male) |
| 22:42 | Create | Villager (Male) |
| 22:43 | Create | Villager (Male) |
| 22:44 | Create | Villager (Male) |
| 22:50 | Build | Farm |
| 22:59 | Create | Villager (Male) |
| 23:00 | Create | Villager (Male) |
| 23:01 | Create | Villager (Male) |
| 23:02 | Create | Villager (Male) |
| 23:19 | Build | Farm |
| 23:23 | Build | House |
| 23:26 | Create | Villager (Male) |
| 23:27 | Create | Villager (Male) |
| 23:28 | Create | Villager (Male) |
| 23:29 | Create | Villager (Male) |
| 23:37 | Build | Farm |
Build order — Lazy_Mann
First 150 of 261 actions detected
| 0:13 | Build | House |
| 0:18 | Build | House |
| 0:19 | Create | Villager (Male) |
| 0:19 | Create | Villager (Male) |
| 0:20 | Create | Villager (Male) |
| 0:20 | Create | Villager (Male) |
| 0:21 | Create | Villager (Male) |
| 2:09 | Create | Villager (Male) |
| 2:09 | Create | Villager (Male) |
| 2:09 | Create | Villager (Male) |
| 2:43 | Build | Lumber Camp |
| 2:45 | Create | Villager (Male) |
| 2:45 | Create | Villager (Male) |
| 2:45 | Create | Villager (Male) |
| 2:46 | Create | Villager (Male) |
| 3:27 | Create | Villager (Male) |
| 3:27 | Create | Villager (Male) |
| 3:27 | Create | Villager (Male) |
| 3:49 | Build | House |
| 4:32 | Create | Villager (Male) |
| 4:32 | Create | Villager (Male) |
| 4:33 | Create | Villager (Male) |
| 4:33 | Create | Villager (Male) |
| 4:33 | Create | Villager (Male) |
| 4:55 | Create | Villager (Male) |
| 4:55 | Create | Villager (Male) |
| 4:56 | Create | Villager (Male) |
| 4:56 | Create | Villager (Male) |
| 4:56 | Create | Villager (Male) |
| 4:57 | Create | Villager (Male) |
| 4:57 | Create | Villager (Male) |
| 4:57 | Create | Villager (Male) |
| 6:05 | Build | House |
| 6:29 | Build | Mill |
| 6:34 | Create | Villager (Male) |
| 6:34 | Create | Villager (Male) |
| 6:35 | Create | Villager (Male) |
| 6:35 | Create | Villager (Male) |
| 7:20 | Create | Villager (Male) |
| 7:21 | Create | Villager (Male) |
| 8:41 | Create | Villager (Male) |
| 9:03 | Research | Feudal Age |
| 10:04 | Build | Mining Camp |
| 10:28 | Build | Farm |
| 10:29 | Build | Farm |
| 10:29 | Build | Farm |
| 10:29 | Build | Farm |
| 11:12 | Create | Villager (Male) |
| 11:13 | Create | Villager (Male) |
| 11:17 | Age | Feudal Age |
| 11:25 | Build | Blacksmith |
| 11:34 | Build | Market |
| 12:12 | Build | House |
| 12:25 | Build | House |
| 12:31 | Research | Wheelbarrow |
| 12:44 | Create | Villager (Male) |
| 12:44 | Create | Villager (Male) |
| 12:52 | Build | Farm |
| 13:36 | Build | Farm |
| 13:40 | Build | Farm |
| 13:44 | Build | Farm |
| 13:50 | Build | Farm |
| 14:03 | Build | Farm |
| 14:05 | Create | Villager (Male) |
| 14:10 | Build | Farm |
| 14:37 | Create | Villager (Male) |
| 14:40 | Build | Farm |
| 15:06 | Research | Castle Age |
| 15:12 | Build | Mining Camp |
| 15:34 | Create | Villager (Male) |
| 15:34 | Create | Villager (Male) |
| 17:09 | Create | Villager (Male) |
| 17:09 | Create | Villager (Male) |
| 17:10 | Create | Villager (Male) |
| 17:23 | Research | Double-Bit Axe |
| 17:23 | Research | Horse Collar |
| 17:46 | Age | Castle Age |
| 17:49 | Build | Town Center |
| 17:58 | Build | Town Center |
| 18:10 | Create | Villager (Male) |
| 18:10 | Create | Villager (Male) |
| 18:17 | Build | House |
| 18:19 | Build | House |
| 18:20 | Build | House |
| 18:21 | Build | House |
| 19:56 | Create | Villager (Male) |
| 19:56 | Create | Villager (Male) |
| 19:56 | Create | Villager (Male) |
| 20:27 | Create | Villager (Male) ×5 |
| 20:30 | Research | Wheelbarrow |
| 20:41 | Research | Bow Saw |
| 20:44 | Research | Heavy Plow |
| 20:50 | Create | Villager (Male) ×5 |
| 21:01 | Build | University |
| 21:06 | Build | House |
| 21:10 | Build | House |
| 21:11 | Build | House |
| 21:16 | Build | Farm |
| 21:20 | Create | Villager (Male) ×5 |
| 21:24 | Build | Farm |
| 21:24 | Build | Farm |
| 21:33 | Build | Farm |
| 21:40 | Create | Villager (Male) ×2 |
| 22:01 | Build | Lumber Camp |
| 22:19 | Build | Farm |
| 22:30 | Create | Villager (Male) ×4 |
| 22:34 | Build | Farm |
| 22:38 | Build | Farm |
| 22:57 | Create | Villager (Male) ×3 |
| 24:18 | Research | Hand Cart |
| 24:19 | Create | Villager (Male) ×4 |
| 24:40 | Build | Farm |
| 24:40 | Build | Farm |
| 24:40 | Build | Farm |
| 24:41 | Build | Farm |
| 24:41 | Build | Farm |
| 24:41 | Build | Farm |
| 24:41 | Build | Farm |
| 24:42 | Build | Farm |
| 24:42 | Build | Farm |
| 24:42 | Build | Farm |
| 24:43 | Build | Farm |
| 24:46 | Build | Farm |
| 24:57 | Research | Stone Mining |
| 24:58 | Research | Gold Mining |
| 25:24 | Create | Villager (Male) |
| 25:38 | Create | Villager (Male) ×3 |
| 25:52 | Build | Barracks |
| 25:57 | Build | Siege Workshop |
| 26:14 | Build | Castle |
| 26:19 | Research | Stone Shaft Mining |
| 26:21 | Create | Villager (Male) ×2 |
| 26:34 | Build | Farm |
| 26:34 | Build | Farm |
| 26:34 | Build | Farm |
| 26:34 | Build | Farm |
| 26:35 | Build | Farm |
| 26:35 | Build | Farm |
| 26:35 | Build | Farm |
| 26:35 | Build | Farm |
| 26:36 | Build | Farm |
| 26:37 | Build | Farm |
| 26:50 | Create | Villager (Male) ×5 |
| 27:08 | Build | Farm |
| 27:54 | Create | Villager (Male) ×5 |
| 27:58 | Build | House |
| 28:01 | Build | House |
| 28:01 | Build | House |
| 28:02 | Build | House |
| 28:02 | Build | House |
Match timeline
| 5:36 | carlosauberto · wall_segment Palisade Wall x21 |
| 7:10 | 420Fighter · wall_segment Palisade Wall x9 |
| 7:10 | Salamander · wall_segment Palisade Wall x19 |
| 7:24 | carlosauberto · wall_segment Palisade Wall x20 |
| 7:27 | carlosauberto · wall_segment Palisade Wall x20 |
| 7:34 | 420Fighter · wall_segment Palisade Wall x10 |
| 7:39 | 420Fighter · wall_segment Palisade Wall x5 |
| 8:24 | StingRS5 · first_building Barracks |
| 9:47 | carlosauberto · wall_segment Palisade Wall x7 |
| 10:05 | carlosauberto · wall_segment Palisade Wall x5 |
| 10:53 | StingRS5 · age_up feudal |
| 11:17 | Lazy_Mann · age_up feudal |
| 11:24 | StingRS5 · first_building Stable |
| 12:03 | 420Fighter · first_building Barracks |
| 13:03 | Jerry · age_up feudal |
| 13:47 | Salamander · age_up feudal |
| 14:42 | carlosauberto · age_up feudal |
| 14:49 | Jerry · wall_segment Stone Wall x19 |
| 14:51 | carlosauberto · wall_segment Stone Wall x9 |
| 15:00 | StingRS5 · age_up castle |
| 15:20 | Jerry · wall_segment Stone Wall x19 |
| 15:30 | Jerry · first_building Barracks |
| 15:36 | 420Fighter · age_up feudal |
| 15:44 | 420Fighter · first_building Archery Range |
| 16:26 | carlosauberto · wall_segment Stone Wall x1 |
| 16:29 | carlosauberto · wall_segment Stone Wall x7 |
| 16:58 | Jerry · age_up castle |
| 17:32 | carlosauberto · wall_segment Stone Wall x6 |
| 17:36 | carlosauberto · wall_segment Stone Wall x21 |
| 17:46 | Lazy_Mann · age_up castle |
| 18:01 | Salamander · age_up castle |
| 18:22 | Jerry · first_market_buy 100 stone |
| 20:46 | carlosauberto · wall_segment Stone Wall x24 |
| 25:10 | Jerry · first_building Siege Workshop |
| 25:38 | StingRS5 · first_building Siege Workshop |
| 25:52 | Lazy_Mann · first_building Barracks |
| 25:57 | Lazy_Mann · first_building Siege Workshop |
| 26:14 | Lazy_Mann · first_building Castle |
| 26:18 | StingRS5 · first_building Monastery |
| 26:22 | carlosauberto · wall_segment Stone Wall x9 |
| 27:01 | StingRS5 · first_building Castle |
| 27:22 | Jerry · first_building Castle |
| 28:22 | carlosauberto · age_up castle |
| 28:32 | carlosauberto · first_market_buy 100 stone |
| 28:41 | Salamander · first_building Castle |
| 29:50 | StingRS5 · age_up imperial |
| 30:23 | 420Fighter · age_up castle |
| 30:47 | 420Fighter · first_building Castle |
| 31:13 | Salamander · first_building Barracks |
| 31:32 | Lazy_Mann · age_up imperial |
| 32:02 | Salamander · first_building Archery Range |
| 32:14 | 420Fighter · first_market_sell 100 food |
| 32:20 | 420Fighter · first_market_buy 100 wood |
| 32:23 | Jerry · age_up imperial |
| 32:35 | Salamander · first_building Stable |
| 34:00 | Jerry · first_market_sell 100 wood |
| 34:58 | 420Fighter · first_building Siege Workshop |
| 36:01 | Salamander · age_up imperial |
| 37:39 | carlosauberto · first_building Castle |
| 37:56 | carlosauberto · first_building Barracks |
| 38:09 | carlosauberto · first_building Siege Workshop |
| 38:15 | Lazy_Mann · first_building Monastery |
| 38:54 | Jerry · first_building Stable |
| 40:42 | 420Fighter · first_building Stable |
| 40:58 | carlosauberto · wall_segment Stone Wall x24 |
| 43:02 | Salamander · first_market_buy 100 stone |
| 43:41 | carlosauberto · age_up imperial |
| 43:58 | 420Fighter · age_up imperial |
| 45:03 | Salamander · resign |
| 45:24 | Lazy_Mann · first_market_buy 100 wood |
[ AI ANALYSIS · 1 CREDIT ]
What really happened in this match?
Wolo.gg analyzes every decision: build order, eco, micro, common mistakes by bracket. Personalized analysis on WhatsApp or Discord in 30 seconds.
Civ guide
Bohemians
Perfil
Jugador #9741985